 Dungeon Crawl Stone Soup version 0.20.1-1-g8b1a95d (webtiles) character file.

2436 Zedayar the Grappler (level 9, -4/82 (84) HPs)
             Began as a Troll Berserker on Aug 29, 2017.
             Was an Elder of Trog.
             Slain by a killer bee (6 damage)
             ... on level 8 of the Dungeon.
             The game lasted 00:22:43 (5006 turns).

Zedayar the Grappler (Troll Berserker)              Turns: 5006, Time: 00:22:44

HP:   -4/82 (84)    AC:  7    Str: 30    XL:     9   Next: 25%
MP:   8/8           EV: 12    Int:  3    God:    Trog [****..]
Gold: 412           SH:  0    Dex:  9    Spells: 8/8 levels left

rFire    + + .     SeeInvis .     - Unarmed
rCold    x . .     Gourm    +   (no shield)
rNeg     . . .     Faith    .   e - +2 robe {rF+}
rPois    .         Spirit   .   (helmet restricted)
rElec    .         Reflect  .   (no cloak)
rCorr    .         Harm     .   (gloves unavailable)
MR       ++...                  (boots unavailable)
Stlth    +.........             (no amulet)
Regen    1.0/turn               r - ring of fire
MPRegen  0.2/turn               (no ring)

@: lethally poisoned (-4 -> -4), berserk cooldown, recuperating, diseased,
slowed, very slow
A: unfitting armour, claws 3, fast metabolism 3, gourmand, regeneration 1,
shaggy fur 1, tough skin 2
a: Berserk, Trog's Hand, Brothers in Arms, Burn Spellbooks, Renounce Religion


You were on level 8 of the Dungeon.
You worshipped Trog.
Trog was greatly pleased with you.
You were not hungry.

You visited 1 branch of the dungeon, and saw 8 of its levels.

You collected 412 gold pieces.

Inventory:

Hand Weapons
 D - a +2 flail of crushing
Missiles
 y - 8 tomahawks (quivered)
Armour
 a - a +0 animal skin
 e - a +2 robe of fire resistance (worn)
Jewellery
 j - a cursed ring of teleportation {unknown}
 k - an uncursed ring of fire
 l - an uncursed ring of ice
 o - an uncursed ring of poison resistance {unknown}
 r - a ring of fire (left claw)
Wands
 p - a wand of random effects (10/48)
 u - a wand of lightning (5/15)
 B - a wand of flame (28/48)
 C - a wand of enslavement (7/24)
Scrolls
 f - 4 scrolls of identify {unknown}
 g - 3 scrolls of teleportation {unknown}
 s - 2 scrolls of recharging {unknown}
 t - a scroll of fear {unknown}
 v - 2 scrolls of amnesia {unknown}
 A - 2 scrolls of fog {unknown}
 E - 2 scrolls of enchant armour {unknown}
 G - a scroll of immolation {unknown}
 H - 2 scrolls of magic mapping {unknown}
 I - 3 scrolls of enchant weapon {unknown}
 J - a scroll of remove curse {unknown}
Potions
 c - 2 potions of degeneration {unknown}
 i - 3 potions of lignification {unknown}
 m - a potion of flight {unknown}
 n - 2 potions of brilliance {unknown}
 q - 3 potions of heal wounds {unknown}
 w - a potion of invisibility {unknown}
 x - a potion of mutation {unknown}
 z - 2 potions of curing {unknown}
 F - a potion of agility {unknown}
Comestibles
 b - 4 bread rations
 d - 4 meat rations
 h - 2 royal jellies


   Skills:
 + Level 3.8 Fighting
 + Level 5.5 Dodging
 + Level 1.3 Stealth
 + Level 10.4 Unarmed Combat


You had 8 spell levels left.
You didn't know any spells.

Dungeon Overview and Level Annotations

Branches:
Dungeon (8/15)             Temple (0/1) D:7
   Lair: D:8-11

Altars:
Cheibriados
Dithmenos
Fedhas
Kikubaaqudgha
Makhleb
Okawaru
Ru
Yredelemnul
Zin

Shops:
D:8 ?

Annotations:
D:8 Prince Ribbit


Innate Abilities, Weirdness & Mutations

You are too large for most types of armour.
You have claws for hands.
Your metabolism is lightning-fast.
You like to eat raw meat.
Your natural rate of healing is unusually fast.
You are covered in fur. (AC +1)
You have very tough skin. (AC +2)


Message History

* * * LOW HITPOINT WARNING * * *
You feel sick. The killer bee closely misses you.
The killer bee stings you but does no damage.
The killer bee closely misses you. x2; The killer bee misses you.
The howler monkey hits you.
* * * LOW HITPOINT WARNING * * *
The killer bee barely misses you.
A worker ant comes into view.
Your skin crawls.
You feel resistant to hostile enchantments.
You feel sick.
The worker ant twitches its antennae in your direction.
The killer bee closely misses you. The killer bee stings you.
* * * LOW HITPOINT WARNING * * *
The killer bee stings you but does no damage.
The killer bee barely misses you. The killer bee completely misses you.
The killer bee misses you.
Prince Ribbit blinks!
The howler monkey barely misses you. The killer bee barely misses you.
The killer bee stings you.
You die...

$... #..# ##.##
.....#####..## ##...#
...a....#....###....##
.....................#
.........†.......##...#
........................
.....§∩.................
......hyy.###......###..
.......@y.#.......## ..
...................# .
###.............#...
###.........##...
##....F..... .....##....
..##..# ##.. .# ..#


You could see Prince Ribbit, a howler monkey, a worker ant and 3 killer bees.

Vanquished Creatures
  Grinder (D:5)
  Edmund (D:6)
  Duvessa (D:4)
  3 orc warriors
  An ice beast (D:7)
  A sky beast (D:5)
  A necrophage (D:8)
  A phantom (D:6)
  2 ogres
  2 centaurs
  2 bullfrogs (D:7)
  Blork the orc (D:5)
  Dowan (D:4)
  2 killer bees (D:8)
  A crimson imp (D:8)
  7 orc wizards
  A centaur skeleton (D:3)
  2 orc priests (D:3)
  2 bullfrog skeletons
  Jessica (D:2)
  Ijyb (D:5)
  An iguana (D:5)
  A worker ant (D:4)
  2 hound skeletons (D:6)
  11 adders
  3 oozes
  7 worms
  3 dart slugs
  2 leopard geckos
  17 orcs
  A ball python (D:4)
  7 giant cockroaches
  4 goblins
  6 hobgoblins
  8 jackals
  8 kobolds
  2 quokkas
  4 bats
  2 frilled lizards
  A jackal skeleton (D:4)
  A quokka skeleton (D:4)
  7 rats
  3 withered plants (D:4)
136 creatures vanquished.

Notes
Turn   | Place    | Note
-------+----------+-------------------------------------------
     0 | D:1      | Zedayar the Troll Berserker began the quest for the Orb.
     0 | D:1      | Reached XP level 1. HP: 22/22 MP: 0/0
    41 | D:1      | Reached XP level 2. HP: 26/29 MP: 1/1
   108 | D:1      | You fall through a shaft!
   141 | D:2      | Noticed Jessica
   145 | D:2      | Killed Jessica
   145 | D:2      | Reached XP level 3. HP: 36/36 MP: 2/2
   222 | D:2      | Reached skill level 4 in Unarmed Combat
   250 | D:2      | Found a burning altar of Makhleb.
   259 | D:2      | Reached ** piety under Trog
   294 | D:2      | Reached XP level 4. HP: 45/45 MP: 3/3
   378 | D:2      | Found a faded altar of an unknown god.
   471 | D:2      | Found a glowing silver altar of Zin.
   471 | D:2      | Noticed an angel
   472 | D:2      | Noticed a cacodemon
   730 | D:2      | Found an iron altar of Okawaru.
   730 | D:2      | Found a basalt altar of Yredelemnul.
   735 | D:2      | Found a shadowy altar of Dithmenos.
   737 | D:2      | Found a sacrificial altar of Ru.
   739 | D:2      | Found a blossoming altar of Fedhas.
  1087 | D:3      | Reached XP level 5. HP: 43/53 MP: 4/4
  1100 | D:3      | Found a basalt altar of Yredelemnul.
  1521 | D:3      | Reached *** piety under Trog
  1521 | D:3      | Reached skill level 5 in Unarmed Combat
  1838 | D:3      | Reached XP level 6. HP: 58/61 MP: 5/5
  2045 | D:4      | Noticed Dowan
  2050 | D:4      | Noticed Duvessa
  2062 | D:4      | Killed Duvessa
  2070 | D:4      | Killed Dowan
  2070 | D:4      | Reached skill level 6 in Unarmed Combat
  2243 | D:4      | Found an ancient bone altar of Kikubaaqudgha.
  2409 | D:5      | Entered Level 5 of the Dungeon
  2432 | D:5      | Noticed Blork the orc
  2438 | D:5      | Killed Blork the orc
  2438 | D:5      | Reached XP level 7. HP: 58/67 MP: 6/6
  2459 | D:5      | Noticed Grinder
  2459 | D:5      | Paralysed by Grinder for 5 turns
  2481 | D:5      | Killed Grinder
  2481 | D:5      | Reached skill level 7 in Unarmed Combat
  2699 | D:5      | Found a snail-covered altar of Cheibriados.
  2740 | D:5      | Noticed Ijyb
  2748 | D:5      | Killed Ijyb
  2748 | D:5      | Reached **** piety under Trog
  2780 | D:5      | Reached skill level 8 in Unarmed Combat
  2780 | D:5      | Reached XP level 8. HP: 55/78 MP: 7/7
  3454 | D:6      | Reached skill level 9 in Unarmed Combat
  3677 | D:6      | Noticed Edmund
  3688 | D:6      | Killed Edmund
  3718 | D:6      | Reached skill level 5 in Dodging
  3830 | D:6      | Reached skill level 1 in Stealth
  4257 | D:7      | Found a staircase to the Ecumenical Temple.
  4498 | D:7      | Reached XP level 9. HP: 84/84 MP: 8/8
  4520 | D:7      | Reached skill level 10 in Unarmed Combat
  4975 | D:8      | Found Deceont's Magic Scroll Shoppe.
  5004 | D:8      | Noticed Prince Ribbit
  5005 | D:8      | HP: 3/82 [howler monkey (2)]
  5006 | D:8      | Slain by a killer bee

Skill      XL: |  1  2  3  4  5  6  7  8  9 |
---------------+----------------------------+-----
Unarmed Combat | 4 5 6 8 9 10 | 10.4
Fighting       | 3 |  3.8
Dodging        | 3 4 5 |  5.5
Stealth        | 1 |  1.3

Action                   |  1- 3 |  4- 6 |  7- 9 || total
-------------------------+-------+-------+-------++-------
Melee: Unarmed           |    52 |   183 |   184 ||   419
       Punch             |     1 |     4 |     4 ||     9
Invok: Berserk           |     1 |     1 |     7 ||     9
       Trog's Hand       |       |       |     1 ||     1
  Eat: Chunk             |     6 |    21 |    27 ||    54
       Royal jelly       |       |       |     1 ||     1
Armor: Animal skin       |    14 |       |       ||    14
       Robe              |     4 |    46 |    70 ||   120
Dodge: Dodged            |    31 |    67 |   140 ||   238
